AoeStats
← Bopp77

Nomad

510901685Analyzed
4v4 RM · 20h ago on Oct 3, 2026· 41m 47s· 8 players
Game mode
Random Map
Map size
231×231
Population
200
Speed
Normal
Resources
Standard
Victory
Conquest
Starting age
Dark Age
Ending age
Imperial Age
RankedLock teamsTeams togetherTeam positionsShared explorationLock speedFull tech treeHidden civsTurbo modeCheats
Victory
Defeat
🇨🇱 Inca · Chile
1142
+14
🇦🇷 Italians · Argentina
1112
+15
🇨🇱 Teutons · Chile
1025
+18
🇦🇷 Portuguese · Argentina
935
+23
🇫🇷 Cumans · France
1103
-18
🇸🇬 Khmer · Singapore
1099
-18
🇺🇸 Danes · United States
1065
-17
🇨🇳 Chinese · China
1064
-17
Soothing_De4tH1
5:30 Loom
14:35 Feudal Age
16:14 Wheelbarrow
15:55 Horse Collar
Slayer30
4:59 Loom
15:16 Feudal Age
16:54 Double-Bit Axe
17:32 Fishing Lines
22:53 Castle Age
21:55 Wheelbarrow
21:28 Horse Collar
21:42 Town Watch
24:34 Bow Saw
24:30 Heavy Plow
24:53 Gillnets
25:30 Stone Mining
25:31 Gold Mining
30:05 Imperial Age
27:52 Hand Cart
30:02 Town Patrol
30:31 Scale Barding Armor
30:37 Forging
30:19 Elite Steppe Lancer
31:17 Bloodlines
31:34 Chain Barding Armor
32:14 Fletching
34:16 Plate Barding Armor
35:38 Iron Casting
37:26 Bodkin Arrow
38:32 Blast Furnace
40:11 Conscription
39:59 Steppe Husbandry
41:14 Chemistry
飞翔的圣光
3:53 Loom
14:46 Feudal Age
15:48 Double-Bit Axe
18:20 Wheelbarrow
18:49 Horse Collar
21:29 Castle Age
22:47 Bow Saw
25:22 Fletching
25:45 Heavy Plow
25:43 Gold Mining
30:21 Town Watch
32:45 Scale Mail Armor
34:44 Chain Mail Armor
34:40 Forging
34:42 Squires
38:51 Imperial Age
36:19 Bodkin Arrow
36:25 Padded Archer Armor
36:40 Pikeman
38:53 Leather Archer Armor
38:59 Thumb Ring
39:17 Great Wall
40:18 Ballistics
39:53 Murder Holes
40:33 Conscription
40:15 Capped Ram
40:19 Halberdier
41:54 Fortified Wall
42:44 Chemistry
41:56 Masonry
42:08 Bracer
42:38 Ring Archer Armor
大卫
12:53 Feudal Age
18:16 Castle Age
27:05 Loom
BELiKA
13:00 Loom
15:10 Feudal Age
14:49 Loom
19:06 Castle Age
17:11 Fishing Lines
17:25 Double-Bit Axe
19:12 Wheelbarrow
19:44 Town Watch
20:54 Bow Saw
22:02 Stone Mining
24:33 Forging
24:24 Scale Mail Armor
25:18 Stone Shaft Mining
25:03 Squires
24:49 Arson
27:05 Gold Mining
27:10 Arson
27:39 Horse Collar
28:51 Iron Casting
28:31 Chain Mail Armor
32:32 Imperial Age
30:18 Hand Cart
31:12 Chain Mail Armor
31:46 Town Patrol
31:51 Heavy Plow
34:16 Blast Furnace
33:47 Plate Mail Armor
33:55 Conscription
33:49 Gillnets
36:56 Two-Man Saw
36:31 Crop Rotation
35:26 Pikeman
36:33 Guilds
38:24 Fletching
38:34 Padded Archer Armor
40:10 Bodkin Arrow
40:31 Leather Archer Armor
41:31 Elite Genoese Crossbowman
Rey Dantagnan
14:14 Feudal Age
12:30 Loom
14:50 Double-Bit Axe
19:20 Horse Collar
21:54 Castle Age
20:44 Forging
20:35 Scale Mail Armor
20:26 Fletching
20:58 Gold Mining
21:04 Stone Mining
23:09 Chain Mail Armor
23:51 Wheelbarrow
23:45 Arson
24:01 Squires
31:42 Iron Casting
30:56 Town Watch
40:13 Caravan
40:52 Bow Saw
40:47 Heavy Plow
truj
14:16 Feudal Age
15:56 Loom
17:41 Double-Bit Axe
21:32 Stone Mining
22:48 Forging
23:54 Scale Mail Armor
28:20 Castle Age
27:07 Fishing Lines
27:43 Arson
29:09 Gambesons
30:25 Gillnets
33:20 Medium Warships
34:13 Wheelbarrow
40:12 Hand Cart
42:03 Treadmill Crane
Bopp77
12:23 Loom
15:22 Feudal Age
16:08 Fishing Lines
21:21 Castle Age
19:40 Double-Bit Axe
21:03 Stone Mining
27:29 Imperial Age
26:05 Stone Shaft Mining
25:42 Bow Saw
29:15 Gold Mining
30:58 Wheelbarrow
30:09 Town Watch
33:10 Gillnets
35:32 Hand Cart
35:19 Town Patrol
40:34 Two-Man Saw
40:08 Ballistics
Connection lost

Rejoining the realm…

Still unreachable

The connection could not be restored.

Session expired

The server has moved on; the page needs a fresh start.